 Dungeon Crawl Stone Soup version 0.29-a0-275-g389c0b56f3 (webtiles) character file.

Game seed: 6370555656253837232

67 Hubjo the Sneak (level 3, -1/23 (27) HPs)
             Began as a Vampire Enchanter on Mar 9, 2022.
             Slain by a necrophage (2 damage)
             ... on level 3 of the Dungeon.
             The game lasted 00:02:22 (2609 turns).

Hubjo the Sneak (Vampire Enchanter)                 Turns: 2609, Time: 00:02:23

HP:   -1/23 (27)    AC:  2    Str:  7    XL:     3   Next: 98%
MP:   6/6           EV: 13    Int: 17    God:
Gold: 26            SH:  0    Dex: 16    Spells: 1/6 levels left

rFire   . . .      SeeInvis +   a - +1 dagger
rCold   . . .      Faith    .   (no shield)
rNeg    . . .      Spirit   .   b - +0 robe
rPois   .          Reflect  .   (no helmet)
rElec   .          Harm     .   (no cloak)
rCorr   .          Rampage  .   (no gloves)
Will    .....                   (no boots)
Stlth   ++........              (no amulet)
HPRegen 0.27/turn               (no ring)
MPRegen 0.10/turn               (no ring)

@: brilliant, silenced, healing quickly, heavily drained
A: alive, fangs 3, see invisible, vampiric 2
a: Exsanguinate


You were on level 3 of the Dungeon.
You visited 1 branch of the dungeon, and saw 3 of its levels.

You collected 26 gold pieces.

Inventory:

Hand Weapons
 a - a +1 dagger (weapon)
Armour
 b - a +0 robe (worn)
Scrolls
 d - a scroll of identify {unknown}
Potions
 c - 2 potions of invisibility
 g - a potion of degeneration {unknown}


   Skills:
 * Level 1.6 Fighting
 + Level 1.6 Short Blades
 + Level 2.6 Dodging
 * Level 5.6 Stealth
 - Level 2.0 Spellcasting
 + Level 4.7 Hexes


You had one spell level left.
You knew the following spells:

 Your Spells              Type           Power      Damage    Failure   Level
a - Tukima's Dance        Hex            26%        N/A       9%          3
b - Ensorcelled Hibernat  Hex/Ice        28%        N/A       11%         2

Your spell library contained the following spells:

 Spells                   Type           Power      Damage    Failure   Level
 Confusing Touch          Hex            26%        N/A       9%          3
 Dazzling Flash           Conj/Hex       28%        N/A       22%         3


Dungeon Overview and Level Annotations

Branches:
Dungeon (3/15)

Altars:


Innate Abilities, Weirdness & Mutations

Your natural rate of healing is accelerated.
You have razor-sharp teeth.
You have supernaturally acute eyesight. (SInv)
You are afflicted with vampirism and can become a bat while bloodless.


Message History

You start waiting.
You start waiting.
You start waiting.
You start waiting.
You start waiting.
You start waiting.
You start waiting.
You start waiting.
Done waiting.
You climb downwards.
The necrophage misses you.
There is a stone staircase leading up here.
As you read the scroll labelled VAMAIF BUEREGUPA, it crumbles to dust.
The scroll dissolves into smoke.
It was a scroll of fog.
The necrophage barely misses you.
You closely miss the necrophage. The necrophage completely misses you.
You hit the necrophage.
The necrophage is lightly damaged.
The necrophage hits you.
You hit the necrophage.
The necrophage is moderately damaged.
The necrophage hits you!
You feel drained.
You barely miss the necrophage.
The necrophage is moderately damaged.
The necrophage hits you.
You feel drained.
You barely miss the necrophage. You bite the necrophage.
The necrophage is moderately damaged.
The necrophage completely misses you.
Cast which spell? (? or * to list)
You can't see any susceptible monsters within range! (Use Z to cast anyway.) Unknown command.
As you read the scroll labelled VOCSETIJEO, it crumbles to dust.
A profound silence engulfs you.
It was a scroll of silence.
The necrophage hits you.
You feel drained.
* * * LOW HITPOINT WARNING * * *
It was a potion of brilliance.
You feel clever all of a sudden. The necrophage hits you.
* * * LOW HITPOINT WARNING * * *
You feel drained.
You die...

#.. #.#
#.# # #.#
#.#.##.#
#ggg.g.#
#g# #n#
#@#
#...§§§#
.....§§§#
...######
..


You could see a necrophage and a goblin.

Vanquished Creatures
  An adder (D:2)
  2 dart slugs (D:2)
  A worm (D:2)
  7 ball pythons
  7 bats
  6 endoplasms
  3 giant cockroaches
  4 goblins (D:1)
  3 hobgoblins
  2 jackals (D:2)
  2 frilled lizards (D:1)
  4 kobolds
  3 rats
45 creatures vanquished.

Notes
Turn   | Place    | Note
-------+----------+-------------------------------------------
     0 | D:1      | Hubjo the Vampire Enchanter began the quest for the Orb.
     0 | D:1      | Reached XP level 1. HP: 13/13 MP: 3/3
   167 | D:1      | Reached XP level 2. HP: 18/20 MP: 5/5
   471 | D:1      | Reached skill level 1 in Fighting
   481 | D:1      | Reached skill level 5 in Stealth
   600 | D:1      | Gained mutation: You are afflicted with vampirism and can
                  | become a bat while bloodless. [Vampire growth]
   600 | D:1      | Reached XP level 3. HP: 26/26 MP: 6/6
  1604 | D:3      | Noticed a necrophage
  1611 | D:2      | Learned a level 3 spell: Tukima's Dance
  1614 | D:2      | Learned a level 2 spell: Ensorcelled Hibernation
  2609 | D:3      | HP: 1/24 [necrophage (6)]
  2609 | D:3      | Slain by a necrophage

Illustrated notes

Levels and vault maps discovered:
D:1:      doesnt_arrival_eight_statues, layout_loops_cross
D:2:      layout_loops_ring
D:3:      layout_basic, mainiacjoe_overflow_brackets, marbit_many_paths,
          ebering_ghost_sewer_f, shapermc_ecumenical_altar_mp_urbaneastern,
          serial_rivers, chequers_serial_rivers_small_b,
          chequers_serial_rivers_small_b, chequers_serial_rivers_room_b,
          chequers_serial_rivers_large_b, chequers_serial_rivers_micro_c,
          uniq_jessica, uniq_robin

Skill      XL: |  1  2 |
---------------+-------+-----
Fighting       | 1 |  1.6
Stealth        | 5 |  5.6
Short Blades   | |  1.6
Dodging        | |  2.6
Spellcasting   | |  2.0
Hexes          | |  4.7

Action                   || total
-------------------------++-------
Melee: Dagger            ||   147
       Bite              ||    12
       Punch             ||     2
  Use: Potion            ||     2
       Scroll            ||     2
 Stab: Sleeping          ||    12
Armor: Robe              ||    24
Dodge: Dodged            ||    79

Table legend: (Time is in decaauts)
 A = Elapsed time spent in this place.
 B = Non-inter-level travel time spent in this place.
 C = Inter-level travel time spent in this place.
 D = Time resting spent in this place.
 E = Time spent auto-exploring this place.
 F = Levels seen in this place.
 G = Mean time per level.
                   A        B        C        D        E       F      G
               +--------+--------+--------+--------+--------+-----+--------+
         Total |   2599 |   2587 |     12 |    984 |   1187 |   3 |  866.3 |
       Dungeon |   2599 |   2587 |     12 |    984 |   1187 |   3 |  866.3 |
               +--------+--------+--------+--------+--------+-----+--------+

Top non-repeatable levels by time:
     D:2: 1720 daAuts
     D:1: 867 daAuts
     D:3: 11 daAuts
